 Dungeon Crawl Stone Soup version 0.17-a0-1210-g1e4f09d (webtiles) character file.

13962 SWAGNEMITE the Fighter (level 12, 0/100 HPs)
             Began as a Human Wanderer on June 3, 2015.
             Was a Believer of Qazlal.
             Slain by a wolf (4 damage)
             ... on level 1 of the Lair of Beasts.
             The game lasted 01:11:11 (22195 turns).

SWAGNEMITE the Fighter (Human Wanderer)            Turns: 22195, Time: 01:11:11

Health: 0/100      AC: 18    Str: 17    XL:     12   Next: 39%
Magic:  17/17      EV: 12    Int: 20    God:    Qazlal [**....]
Gold:   1043       SH:  2    Dex: 17    Spells: 0 memorised, 13 levels left

rFire  . . .     SeeInvis .     p - +2 morningstar (flame)
rCold  + . .     Clarity  .     D - +3 chain mail {rC+}
rNeg   . . .     SustAt   .     (no shield)
rPois  .         Gourm    .     Q - +0 helmet {Int+3}
rElec  .         Spirit   .     (no cloak)
rCorr  .         Warding  .     s - +2 pair of gloves
rMut   .         Stasis   .     (no boots)
MR     .....                    (no amulet)
Stlth  ..........               x - +6 ring of strength
                                S - +2 ring of intelligence

@: lethally poisoned (0 -> -43), not resistant to hostile enchantments,
extremely unstealthy
A: no striking features
a: Upheaval, Renounce Religion


You were on level 1 of the Lair of Beasts.
You worshipped Qazlal.
Qazlal was pleased with you.
You were not hungry.

You visited 4 branches of the dungeon, and saw 15 of its levels.
You also visited: Volcano.

You collected 1239 gold pieces.
You spent 196 gold pieces at shops.

Inventory:

Hand weapons
 a - a +0 blowgun
   (You took it off a kobold on level 3 of the Dungeon)
 b - a +3 whip of venom
   (You took it off a gnoll on level 3 of the Dungeon)
 p - a +2 morningstar of flaming (weapon)
   (You found it in a volcano)
 L - a +0 morningstar of holy wrath
   (You took it off a molten gargoyle in a volcano)
 T - a +0 quarterstaff
   (You found it in a volcano)
Missiles
 l - 4 needles of slowing
 m - 4 curare-tipped needles
 P - a poisoned needle
Armour
 s - a +2 pair of gloves (worn)
   (You found it on level 2 of the Dungeon)
 D - a +3 chain mail of cold resistance (worn)
   (You took it off Maud on level 10 of the Dungeon)
 I - a +1 chain mail of fire resistance
   (You found it in a volcano)
 Q - a +0 helmet of intelligence (worn)
   (You bought it in a shop on level 10 of the Dungeon)
Magical staves
 K - an uncursed staff of poison {rPois}
   (You found it on level 10 of the Dungeon)
Jewellery
 j - an uncursed ring of positive energy {rN+}
   (You found it on level 1 of the Dungeon)
 r - an uncursed ring of poison resistance {rPois, !d}
   (You found it on level 10 of the Dungeon)
 u - an uncursed ring of teleportation {+/*tele, !d}
   (You found it on level 4 of the Dungeon)
 x - a +6 ring of strength (right hand)
   (You found it on level 8 of the Dungeon)
 S - a +2 ring of intelligence (left hand)
   (You took it off a centaur on level 10 of the Dungeon)
Magical devices
 t - a wand of heal wounds (0)
   (You found it on level 7 of the Dungeon)
 y - a wand of paralysis (1)
   (You took it off a kobold on level 8 of the Dungeon)
Scrolls
 d - 2 scrolls of magic mapping {!r}
 g - 2 scrolls of amnesia {unknown}
 n - a scroll of summoning {unknown}
 o - 4 scrolls of teleportation
 v - 2 scrolls of remove curse
 G - a scroll of fog {unknown}
Potions
 i - 2 potions of lignification {!q}
 q - 3 potions of resistance
 A - a potion of berserk rage {unknown}
 B - a potion of brilliance {unknown}
 E - 2 potions of mutation {!q}
 F - a potion of flight {unknown}
Books
 c - the Reference Book on Heat

   Spells                             Type                      Level
   a - Flame Tongue                   Conjuration/Fire             1
   b - Ignite Poison                  Fire/Transmutation/Poison    3
 e - a Necronomicon {highlevel, unknown}
   (You found it on level 9 of the Dungeon)
 k - a Young Poisoner's Handbook
 w - a Grand Grimoire {highlevel, unknown}
   (You found it on level 5 of the Dungeon)
 J - a book of Transfigurations
   (You found it on level 1 of the Lair of Beasts)
 N - a book of Cantrips
   (You found it on level 9 of the Dungeon)
 O - a book of Power
   (You found it on level 9 of the Dungeon)
Comestibles
 f - 15 bread rations {@e1}
 h - a beef jerky
 z - 5 fruits


   Skills:
 - Level 11.2 Fighting
 * Level 6.3 Staves
 + Level 8.7 Armour
 + Level 8.3 Dodging
 - Level 1.0 Stealth
 - Level 1.0 Spellcasting
   Level 1.0 Fire Magic
   Level 1.0 Poison Magic
 + Level 6.8 Invocations
 - Level 6.2 Evocations


You had 13 spell levels left.
You didn't know any spells.

Dungeon Overview and Level Annotations

Branches:
Dungeon (10/15)            Temple (1/1) D:5            Lair (2/8) D:8
    Orc (2/4) D:9

Altars:
Cheibriados
Dithmenos
Fedhas
Makhleb
Qazlal
Ru
Sif Muna
Trog
Vehumet
Zin
The Shining One

Shops:
D:10 *

Annotations:
D:9 exclusion: 2 oklob saplings
Lair:1 exclusion: oklob plant


Message History

The black mamba bites you but does no damage.
The wolf bites you. The wolf bites you but does no damage.
The wolf bites you but does no damage. x2
The black mamba bites you but does no damage.
You climb upwards.
Level annotation: exclusion: oklob plant You feel very sick.
There is a stone staircase leading down here.
You take 16 damage, and have 52/100 hp.
Unknown command.
Unknown command.
Unknown command.
Unknown command.
Unknown command.
Drink which item? (? for menu, Esc to quit)
Really quaff
i - 3 potions of lignification {!q}?
Drink which item? (? for menu, Esc to quit)
You don't have any such object.
Drink which item? (? for menu, Esc to quit)
Really quaff
i - 3 potions of lignification {!q}?
You turn into a tree.
Your +0 helmet of intelligence melds into your body.
Your +2 pair of gloves melds into your body.
Your +3 chain mail of cold resistance melds into your body.
You feel stupid.
You feel less resistant to cold.
Your roots penetrate the ground.
You feel very sick. The wolf bites you but does no damage. The wolf bites you.
The wolf bites you but does no damage. x2
The black mamba bites you but does no damage.
The wolf bites you but does no damage. x3
The wolf completely misses you.
You now have 72/150 hp.
You thump the black mamba! You burn the black mamba!
You feel very sick. The black mamba bites you!
The wolf bites you but does no damage. The wolf completely misses you.
The wolf bites you but does no damage.
The black mamba bites you but does no damage.
The wolf bites you but does no damage. The wolf barely misses you.
You block the wolf's attack. The wolf barely misses you.
The black mamba bites you but does no damage.
The wolf barely misses you.
You take 12 damage, and have 60/150 hp.
You hit the black mamba but do no damage.
You feel very sick.
The wolf bites you but does no damage. x2
The wolf bites you!
The black mamba bites you but does no damage.
The wolf bites you but does no damage. x4
You block the black mamba's attack. The wolf completely misses you.
You take 11 damage, and have 49/150 hp.
You completely miss the black mamba.
You feel very sick. The wolf bites you but does no damage. The wolf bites you.
* * * LOW HITPOINT WARNING * * *
The black mamba bites you but does no damage.
The wolf bites you but does no damage. x4
The black mamba bites you but does no damage.
The wolf bites you.
* * * LOW HITPOINT WARNING * * *
The wolf bites you but does no damage. x3
You take 15 damage, and have 34/150 hp.
Drink which item? (? for menu, Esc to quit)
You can't drink that!
Drink which item? (? for menu, Esc to quit)
It was a potion of cancellation.
Your magical effects are unravelling.
You feel magically purged.
You feel very sick.
The black mamba bites you but does no damage.
The wolf bites you but does no damage. x2
The wolf is engulfed in roaring flames.
You block the wolf's attack. The wolf bites you but does no damage.
The black mamba bites you but does no damage.
The wolf bites you!
* * * LOW HITPOINT WARNING * * *
The wolf bites you but does no damage.
You take 10 damage, and have 24/150 hp.
You barely miss the black mamba.
You feel less woody.
Your +0 helmet of intelligence unmelds from your body.
Your +2 pair of gloves unmelds from your body.
Your +3 chain mail of cold resistance unmelds from your body.
You feel clever.
You feel resistant to cold.
* * * LOW HITPOINT WARNING * * *
You feel very sick. The black mamba barely misses you.
The wolf is engulfed in roaring flames.
The wolf closely misses you. The wolf barely misses you.
The wolf bites you but does no damage. You block the wolf's attack.
The black mamba bites you.
* * * LOW HITPOINT WARNING * * *
You are more poisoned.
The black mamba poisons you!
The wolf is engulfed in roaring flames.
The wolf bites you.
* * * LOW HITPOINT WARNING * * *
The wolf bites you but does no damage. The wolf bites you.
* * * LOW HITPOINT WARNING * * *
The wolf bites you.
You die...

####.#...##....## ####
#.......#....#.P# ####..###
#........#..##.####.......##
#.#........###.....#######.##
#.###......# ##..### #.# #...
#####......####.## #.####..
#.......#.#P..# #..# ##.
#.......h#§...# ##..# #..
##.....#S@h...####...###..
##..##.#hh....##......... ###
##.####..................
#.###.#.# #...#..............
##....#####.##.......÷.......
#..### ##..#####............
#.## #..######..........##
#.# ###..# #.#..........###
#.####...## ##..........##


You could see a black mamba and 4 wolves.

Vanquished Creatures
  Maud (D:10)
  2 hill giants
  Pikel (D:8)
  Joseph (D:9)
  3 gargoyles (Volcano)
  A molten gargoyle (Volcano)
  3 spiny frogs (Lair:1)
  A troll (D:9)
  A boulder beetle (Orc:1)
  A spriggan (D:7)
  2 hippogriffs
  A wandering mushroom (D:8)
  Grum (D:8)
  6 fire elementals (Volcano)
  A warg (Orc:1)
  2 wolves (D:8)
  3 water moccasins
  A slave (D:8)
  A necrophage (D:10)
  7 orc warriors
  4 ice beasts
  A black bear (D:9)
  4 sky beasts
  7 centaurs
  A big kobold (D:9)
  6 ogres
  5 giant frogs
  3 crocodiles
  3 killer bees (D:9)
  A scorpion (D:4)
  6 electric eels (D:10)
  3 giant frog zombies (D:6)
  3 crimson imps
  18 orc priests
  3 giant frog skeletons
  5 hounds
  A jelly (D:6)
  20 orc wizards
  A centaur skeleton (D:9)
  9 worker ants
  Terence (D:3)
  9 iguanas
  4 gnolls
  25 adders
  5 river rats (Lair:1)
  A shadow imp (D:7)
  An ooze (D:1)
  2 adder zombies
  5 worms
  5 giant geckos
  114 orcs
  11 bats
  A bat skeleton (D:5)
  4 giant cockroaches
  10 goblins
  9 hobgoblins
  10 jackals
  20 kobolds
  4 quokkas
  6 ball pythons
  A giant gecko skeleton (D:8)
  A giant gecko zombie (D:6)
  5 giant newts
  20 rats
  2 fungi
  6 plants
426 creatures vanquished.

Vanquished Creatures (others)
  2 fire vortices (Volcano)
  A jelly (D:8)
  A hound zombie (D:10)
  3 orcs
  3 fungi (D:8)
  8 plants
18 creatures vanquished.

Grand Total: 444 creatures vanquished

Notes
Turn   | Place    | Note
--------------------------------------------------------------
     0 | D:1      | SWAGNEMITE the Human Wanderer began the quest for the Orb.
     0 | D:1      | SWAGNEMITE set off with: a Young Poisoner's Handbook, a potion of curing, the Reference Book on Heat, a +0 robe, a +0 club, a bread ration {@e1}
     0 | D:1      | Reached XP level 1. HP: 19/19 MP: 2/2
    38 | D:1      | Identified the Reference Book on Heat
    61 | D:1      | Reached skill level 1 in Armour
    61 | D:1      | Reached XP level 2. HP: 14/25 MP: 3/3
  1075 | D:2      | Found a shadowy altar of Dithmenos.
  1101 | D:2      | Reached XP level 3. HP: 21/31 MP: 4/4
  1362 | D:2      | Reached skill level 1 in Dodging
  1535 | D:2      | Reached skill level 2 in Armour
  1746 | D:2      | Found a stormy altar of Qazlal.
  1866 | D:2      | Reached XP level 4. HP: 22/38 MP: 5/5
  2537 | D:3      | Found a blossoming altar of Fedhas.
  2537 | D:3      | Found a sacrificial altar of Ru.
  2822 | D:3      | Reached XP level 5. HP: 32/43 MP: 6/6
  2849 | D:3      | HP: 10/43 [poisoned by a gnoll]
  2854 | D:3      | HP: 9/43 [poisoned by a gnoll]
  2861 | D:3      | HP: 8/43 [poisoned by a gnoll]
  2869 | D:3      | HP: 7/43 [poisoned by a gnoll]
  3254 | D:3      | Reached skill level 5 in Fighting
  3254 | D:3      | Reached skill level 3 in Armour
  3357 | D:3      | Noticed Terence
  3366 | D:3      | Killed Terence
  3719 | D:3      | Reached XP level 6. HP: 49/51 MP: 7/7
  3835 | D:4      | Reached skill level 2 in Dodging
  3960 | D:4      | Reached skill level 6 in Fighting
  4389 | D:4      | Reached XP level 7. HP: 58/58 MP: 8/8
  5198 | D:5      | Entered Level 5 of the Dungeon
  5269 | D:5      | Reached skill level 4 in Armour
  5518 | D:5      | Reached skill level 3 in Dodging
  5583 | D:5      | Found a staircase to the Ecumenical Temple.
  5627 | D:5      | Gained mutation: You can spit weak poison. [mutagenic meat]
  5786 | D:5      | Reached skill level 7 in Fighting
  5786 | D:5      | Reached skill level 2 in Evocations
  5786 | D:5      | Reached XP level 8. HP: 56/67 MP: 9/9
  5851 | Temple   | Entered the Ecumenical Temple
  5919 | Temple   | Became a worshipper of Qazlal Stormbringer
  6332 | D:5      | Found a deep blue altar of Sif Muna.
  6401 | D:6      | HP: 16/67 [poisoned by a water moccasin]
  6406 | D:5      | HP: 13/67 [poisoned by a water moccasin]
  6411 | D:5      | HP: 11/67 [poisoned by a water moccasin]
  6416 | D:5      | HP: 10/67 [poisoned by a water moccasin]
  6423 | D:5      | HP: 10/67 [poisoned by a water moccasin]
  6431 | D:5      | HP: 10/67 [poisoned by a water moccasin]
  6774 | D:6      | Reached skill level 4 in Dodging
  6794 | D:6      | Noticed a hill giant
  6811 | D:5      | Reached skill level 5 in Armour
  6907 | D:6      | Found a burning altar of Makhleb.
  6912 | D:6      | Found a glowing silver altar of Zin.
  6912 | D:6      | Noticed an angel
  6912 | D:6      | Noticed an Executioner
  6954 | D:6      | Reached skill level 3 in Evocations
  7813 | D:6      | Reached skill level 8 in Fighting
  7917 | D:6      | Reached XP level 9. HP: 74/74 MP: 11/11
  8494 | D:6      | Killed a hill giant
  8494 | D:6      | Reached skill level 5 in Dodging
  8494 | D:6      | Reached skill level 4 in Evocations
  8609 | D:6      | Acquired Qazlal's first power
  9090 | D:7      | Found a radiant altar of Vehumet.
  9246 | D:7      | Reached skill level 9 in Fighting
  9246 | D:7      | Reached skill level 6 in Armour
  9593 | D:7      | Reached skill level 1 in Invocations
 10129 | D:8      | Noticed Pikel
 10225 | D:8      | Noticed Grum
 10239 | D:8      | Reached XP level 10. HP: 46/83 MP: 13/13
 10253 | D:8      | HP: 18/83 [wolf[Grum] (7)]
 10269 | D:8      | Killed Grum
 10269 | D:8      | Reached skill level 2 in Invocations
 10537 | D:8      | Gained mutation: You are occasionally teleported to nearby monsters. [mutagenic meat]
 10538 | D:8      | Gained mutation: You have a beak for a mouth. [mutagenic meat]
 10540 | D:8      | Lost mutation: You can spit weak poison. [potion of cure mutation]
 10540 | D:8      | Lost mutation: You are occasionally teleported to nearby monsters. [potion of cure mutation]
 10540 | D:8      | Lost mutation: You have a beak for a mouth. [potion of cure mutation]
 10814 | D:8      | Reached skill level 5 in Evocations
 10932 | D:8      | Reached skill level 10 in Fighting
 10978 | D:8      | Killed Pikel
 10978 | D:8      | Reached skill level 6 in Dodging
 10978 | D:8      | Reached skill level 3 in Invocations
 11049 | D:8      | Noticed a wandering mushroom
 11093 | D:8      | Killed a wandering mushroom
 11105 | D:8      | You fall through a shaft!
 11105 | D:9      | Found a staircase to the Orcish Mines.
 11210 | D:8      | Found a staircase to the Lair.
 11669 | Lair:1   | Entered Level 1 of the Lair of Beasts
 11958 | Lair:1   | Noticed a spiny frog
 11974 | Lair:1   | Killed a spiny frog
 12130 | Lair:1   | Noticed a spiny frog
 12153 | Lair:1   | Killed a spiny frog
 12153 | Lair:1   | Reached skill level 7 in Armour
 12299 | Lair:1   | Noticed a spiny frog
 12317 | Lair:1   | HP: 18/86 [spiny frog (20)]
 12323 | Lair:1   | HP: 21/86 [poisoned by a spiny frog]
 12327 | Lair:1   | Killed a spiny frog
 12328 | Lair:1   | HP: 18/86 [poisoned by a spiny frog]
 12333 | Lair:1   | HP: 16/86 [poisoned by a spiny frog]
 12339 | Lair:1   | HP: 14/86 [poisoned by a spiny frog]
 12347 | Lair:1   | HP: 14/86 [poisoned by a spiny frog]
 12355 | Lair:1   | HP: 14/86 [poisoned by a spiny frog]
 13076 | Lair:1   | Noticed an oklob plant
 13235 | D:9      | Reached XP level 11. HP: 74/92 MP: 15/15
 13253 | D:9      | Reached skill level 4 in Invocations
 13286 | D:9      | Acquired Qazlal's second power
 13378 | D:9      | HP: 20/92 [hippogriff (5)]
 13834 | D:9      | Reached skill level 11 in Fighting
 13876 | D:9      | HP: 22/93 [orc warrior/glaive (10)]
 14207 | D:9      | Noticed Joseph
 14221 | D:9      | Killed Joseph
 14221 | D:9      | Reached skill level 6 in Evocations
 15051 | D:9      | Reached skill level 7 in Dodging
 15152 | Orc:1    | Entered Level 1 of the Orcish Mines
 15165 | Orc:1    | Reached skill level 2 in Staves
 15659 | D:10     | Entered Level 10 of the Dungeon
 15683 | D:10     | Found Osisemp's Assorted Antiques.
 15692 | D:10     | Bought a glowing scale mail for 84 gold pieces
 15692 | D:10     | Bought a glowing helmet for 94 gold pieces
 15692 | D:10     | Bought a puce potion for 18 gold pieces
 15883 | D:10     | Reached skill level 5 in Invocations
 16202 | D:10     | Noticed Maud
 16237 | D:10     | Killed Maud
 16237 | D:10     | Reached skill level 3 in Staves
 16237 | D:10     | Reached skill level 8 in Armour
 16498 | D:10     | Reached skill level 4 in Staves
 17289 | D:10     | HP: 19/93 [electric eel/bolt of electricity (12)]
 17290 | D:10     | HP: 9/93 [electric eel/bolt of electricity (4)]
 17664 | D:10     | Noticed a hill giant
 17732 | D:10     | Killed a hill giant
 18461 | Orc:1    | Reached skill level 6 in Invocations
 18556 | Orc:1    | Acquired Qazlal's third power
 18556 | Orc:1    | Reached XP level 12. HP: 90/100 MP: 16/16
 18617 | Orc:1    | HP: 21/100 [boulder beetle (35)]
 19218 | Orc:2    | Found a dark tunnel.
 19227 | Volcano  | Entered a volcano
 19243 | Volcano  | Reached skill level 5 in Staves
 19456 | Volcano  | Reached skill level 8 in Dodging
 19484 | Volcano  | HP: 24/100 [fire elemental (10)]
 19543 | Volcano  | HP: 24/100 [fire vortex (13)]
 19544 | Volcano  | HP: 3/100 [something (21)]
 20359 | Volcano  | HP: 7/100 [gargoyle/stone arrow (24)]
 20368 | Volcano  | Reached skill level 6 in Staves
 22193 | Lair:1   | HP: 34/150 [wolf (6)]
 22195 | Lair:1   | HP: 14/100 [poisoned by a black mamba]
 22195 | Lair:1   | HP: 4/100 [wolf (3)]
 22195 | Lair:1   | Slain by a wolf

Vault maps used:
D:1:      saegor_arrival_simple_c
D:2:      grunt_dithmenos_smoke_and_mirrors, eino_tiny_chamber,
          nicolae_qazlal_general_emergency
D:3:      amethyst_overflow_temple_binary, kennysheep_another_room, uniq_terence
D:5:      led_sif_pool, minmay_temple_entry_crystal_x, first_bread
D:6:      grunt_temple_overflow_order_and_chaos_2, dk_vineyard_3
D:7:      kennysheep_mini, the_bakery
D:8:      dpeg_oklobed_lair, serial_column_ruins, column_ruins_hut,
          column_ruins_columns_corner, column_ruins_open_small,
          column_ruins_corridor_straight, column_ruins_grid_1,
          column_ruins_corridor_plus, uniq_pikel, uniq_grum
D:9:      hiddenorc2_lemuel, introduction_to_nature_2, uniq_joseph
D:10:     wad_lake_hut, serial_shops, nicolae_shop_overgrown_old_shop, uniq_maud
Temple:   chambers_temple_12
Lair:1:   minmay_lair_oklob_chamber, grunt_megastairs_2
Lair:2:   uniq_fannar
Orc:1:    rock_pile
Orc:2:    nicolae_volcano_entry_two_sided
Volcano:  volcano_aerie

Action                   |  1- 3 |  4- 6 |  7- 9 | 10-12 || total
-------------------------+-------+-------+-------+-------++-------
Melee: Club              |    34 |       |       |       ||    34
       Whip              |    94 |   218 |   238 |   658 ||  1208
       Short sword       |       |    44 |       |       ||    44
       Scimitar          |       |     8 |   233 |       ||   241
       Quarterstaff      |       |       |       |   243 ||   243
       Staff             |       |       |       |    46 ||    46
       Morningstar       |       |       |       |    83 ||    83
 Fire: Blowgun           |       |       |    18 |    39 ||    57
Invok: Upheaval          |       |       |       |    13 ||    13
       Elemental Force   |       |       |       |     1 ||     1
 Abil: Spit Poison       |       |       |     1 |       ||     1
Evoke: Wand              |       |       |       |    10 ||    10
  Use: Scroll            |     4 |     6 |     2 |     9 ||    21
       Potion            |     1 |     2 |     1 |    10 ||    14
 Stab: Sleeping          |     2 |     2 |     1 |       ||     5
       Paralysed         |       |       |       |    22 ||    22
  Eat: Chunk             |     1 |     8 |    10 |    22 ||    41
       Pizza             |       |     1 |     1 |       ||     2
       Meat ration       |       |       |     2 |     3 ||     5
       Beef jerky        |       |       |       |     2 ||     2
       Fruit             |       |       |       |     3 ||     3

Vault maps used:
D:1:      saegor_arrival_simple_c
D:2:      grunt_dithmenos_smoke_and_mirrors, eino_tiny_chamber,
          nicolae_qazlal_general_emergency
D:3:      amethyst_overflow_temple_binary, kennysheep_another_room, uniq_terence
D:5:      led_sif_pool, minmay_temple_entry_crystal_x, first_bread
D:6:      grunt_temple_overflow_order_and_chaos_2, dk_vineyard_3
D:7:      kennysheep_mini, the_bakery
D:8:      dpeg_oklobed_lair, serial_column_ruins, column_ruins_hut,
          column_ruins_columns_corner, column_ruins_open_small,
          column_ruins_corridor_straight, column_ruins_grid_1,
          column_ruins_corridor_plus, uniq_pikel, uniq_grum
D:9:      hiddenorc2_lemuel, introduction_to_nature_2, uniq_joseph
D:10:     wad_lake_hut, serial_shops, nicolae_shop_overgrown_old_shop, uniq_maud
Temple:   chambers_temple_12
Lair:1:   minmay_lair_oklob_chamber, grunt_megastairs_2
Lair:2:   uniq_fannar
Orc:1:    rock_pile
Orc:2:    nicolae_volcano_entry_two_sided
Volcano:  volcano_aerie

Table legend:
 A = Turns spent in this place as a percentage of turns spent in the entire game.
 B = Non-inter-level travel turns spent in this place as a percentage of non-inter-level travel turns spent in the entire game.
 C = Inter-level travel turns spent in this place as a percentage of turns spent in this place.
 D = Turns resting spent in this place as a percentage of non-inter-level travel turns spent in this place.
 E = Turns spent auto-exploring this place as a percentage of non-inter-level travel turns spent in this place.
 F = Non-inter-level travel turns spent in this place divided by the number of levels of this place that you've seen.
                   A       B       C       D       E      F
               +-------+-------+-------+-------+-------+----------------------
         Total | 100.0 | 100.0 |   0.9 |   3.0 |   7.5 | 333.3
       Dungeon |  79.3 |  79.2 |   1.0 |   3.1 |   7.2 | 422.5
        Temple |   0.4 |   0.4 |   4.3 |   0.0 |  18.2 |  22.0
          Lair |   4.4 |   4.4 |   1.3 |   4.3 |   9.0 | 117.0
  Orcish Mines |  10.8 |  10.8 |   0.3 |   1.6 |  11.8 | 289.0
       Volcano |   5.1 |   5.1 |   0.0 |   5.1 |   0.4 | 274.0
               +-------+-------+-------+-------+-------+----------------------

Table legend:
 A = Kills in this place as a percentage of kills in entire the game.
 B = Kills by you in this place as a percentage of kills by you in the entire game.
 C = Kills by friends in this place as a percentage of kills by friends in the entire game.
 D = Other kills in this place as a percentage of other kills in the entire game.
 E = Experience gained in this place as a percentage of experience gained in the entire game.
 F = Experience gained in this place divided by the number of levels of this place that you have seen.
                   A       B       C       D       E      F
               +-------+-------+-------+-------+-------+----------------------
         Total | 100.0 | 100.0 |  -nan | 100.0 | 100.0 | 1246.6
       Dungeon |  73.4 |  73.6 |  -nan |   0.0 |  67.2 | 1339.6
          Lair |   2.9 |   2.9 |  -nan |   0.0 |   7.8 | 773.0
  Orcish Mines |  21.1 |  21.1 |  -nan |   0.0 |  10.2 | 1017.5
       Volcano |   2.6 |   2.4 |  -nan | 100.0 |  14.9 | 2969.0
               +-------+-------+-------+-------+-------+----------------------
